 Dungeon Crawl Stone Soup version 0.25-a0-561-g0977b4d109 (webtiles) character file.

Game seed: 7587708123356797564, levelgen mode: deterministic

661 Flugslaktarn the Chopper (level 7, -11/61 HPs)
             Began as a Minotaur Fighter on Feb 25, 2020.
             Mangled by a mummy (16 damage)
             ... in an ossuary.
             The game lasted 00:00:55 (1888 turns).

Flugslaktarn the Chopper (Minotaur Fighter)         Turns: 1888, Time: 00:00:55

Health: -11/61     AC:  8    Str: 23    XL:     7   Next: 30%
Magic:  6/6        EV:  8    Int:  5    God:
Gold:   63         SH: 10    Dex:  9    Spells: 6/6 levels left

rFire    . . .     SeeInvis .   a - +0 war axe
rCold    . . .     Gourm    .   c - +0 kite shield
rNeg     . . .     Faith    .   b - +0 scale mail
rPois    .         Spirit   .   (helmet restricted)
rElec    .         Reflect  .   (no cloak)
rCorr    .         Harm     .   (no gloves)
MR       .....                  i - +0 pair of boots
Stlth    ..........             (no amulet)
HPRegen  0.20/turn              (no ring)
MPRegen  0.10/turn              (no ring)

@: no status effects
A: retaliatory headbutt, horns 2
a: no special abilities


You were in an ossuary.
You were not hungry.

You visited 1 branch of the dungeon, and saw 5 of its levels.
You also visited: Ossuary.

You collected 63 gold pieces.

Inventory:

Hand Weapons
 a - a +0 war axe (weapon)
Armour
 b - a +0 scale mail (worn)
 c - a +0 kite shield (worn)
 i - a +0 pair of boots (worn)
   (You found it on level 4 of the Dungeon)
Scrolls
 f - 2 scrolls of noise {unknown}
 g - a scroll of enchant weapon {unknown}
 h - 2 scrolls of identify {unknown}
 j - a scroll of fog {unknown}
 n - a scroll of remove curse {unknown}
Potions
 d - a potion of might
 k - a potion of mutation {unknown}
 l - 2 potions of invisibility {unknown}
 m - 2 potions of haste {unknown}
 o - a potion of lignification {unknown}
 q - a potion of ambrosia {unknown}
Comestibles
 e - 2 rations


   Skills:
 + Level 5.6 Fighting
 * Level 6.5 Axes
 + Level 5.6 Armour
 + Level 5.5 Shields


You had 6 spell levels left.
You didn't know any spells.
Your spell library was empty.

Dungeon Overview and Level Annotations

Branches:
Dungeon (5/15)            Ossuary (1/1)
 Temple: D:4-7

Altars:
Ashenzari
Kikubaaqudgha
Sif Muna
Wu Jian


Innate Abilities, Weirdness & Mutations

You reflexively headbutt those who attack you in melee.
You have a pair of horns on your head.


Message History

You are too injured to fight recklessly!
You are too injured to fight recklessly!
You are too injured to fight recklessly!
You are too injured to fight recklessly!
You are too injured to fight recklessly!
Unknown command.
You barely miss the mummy.
The mummy is severely damaged.
You barely miss the mummy.
The mummy is severely damaged.
The mummy hits you!
* * * LOW HITPOINT WARNING * * *
Unknown command.
You hit the mummy.
The mummy is severely damaged.
The mummy closely misses you. You furiously retaliate!
You headbutt the mummy. You barely miss the mummy.
The mummy is almost destroyed.
The mummy hits you!
You die...

...........
.........
........
......
#....#
#....#
#.M..#
#.@..#
#....#
#....#
#....#
#....#
#.∩∩.#
######


You could see a mummy.

Vanquished Creatures
  Grinder (D:5)
  A phantom (D:4)
  An ogre (D:4)
  An elf skeleton (D:5)
  A crimson imp (D:5)
  A hound (D:4)
  A human skeleton (D:5)
  4 worker ants (D:4)
  A mummy (Ossuary)
  2 adders
  An ooze (D:3)
  3 leopard geckos
  4 orcs
  4 bats
  3 gnoll zombies (Ossuary)
  A goblin (D:3)
  2 hobgoblins
  A quokka (D:4)
  A frilled lizard (D:3)
  A jackal skeleton (D:4)
  A kobold (D:2)
  3 kobold zombies (Ossuary)
  An orc zombie (Ossuary)
  4 rats
44 creatures vanquished.

Notes
Turn   | Place    | Note
-------+----------+-------------------------------------------
     0 | D:1      | Flugslaktarn the Minotaur Fighter began the quest for the
                  | Orb.
     0 | D:1      | Reached XP level 1. HP: 19/19 MP: 0/0
    90 | D:2      | Reached skill level 3 in Axes
    90 | D:2      | Reached XP level 2. HP: 14/27 MP: 1/1
   340 | D:3      | Found an ancient bone altar of Kikubaaqudgha.
   363 | D:3      | Found an ornate altar of the Wu Jian Council.
   380 | D:3      | Reached XP level 3. HP: 33/33 MP: 2/2
   458 | D:4      | Reached XP level 4. HP: 21/40 MP: 3/3
   725 | D:4      | Reached skill level 4 in Axes
   832 | D:4      | Noticed a phantom
   843 | D:4      | Reached XP level 5. HP: 19/47 MP: 4/4
   848 | D:4      | Killed a phantom
  1138 | D:4      | Found a shattered altar of Ashenzari.
  1239 | D:4      | Found a shimmering blue altar of Sif Muna.
  1309 | D:4      | Noticed an ogre
  1316 | D:4      | Killed an ogre
  1316 | D:4      | Reached skill level 5 in Axes
  1316 | D:4      | Reached XP level 6. HP: 55/55 MP: 5/5
  1344 | D:4      | Reached skill level 5 in Fighting
  1344 | D:4      | Reached skill level 5 in Armour
  1472 | D:4      | Reached skill level 5 in Shields
  1554 | D:5      | Entered Level 5 of the Dungeon
  1603 | D:5      | Noticed Grinder
  1604 | D:5      | Paralysed by Grinder for 5 turns
  1619 | D:5      | Killed Grinder
  1619 | D:5      | Reached skill level 6 in Axes
  1619 | D:5      | Reached XP level 7. HP: 38/61 MP: 6/6
  1849 | D:5      | Found a sand-covered staircase.
  1861 | Ossuary  | Entered an ossuary
  1888 | Ossuary  | Mangled by a mummy

Levels and vault maps discovered:
D:1:      lemuel_arrival_rhombus, layout_loops_corners
D:2:      minmay_alternating_diamond, layout_loops_ring
D:3:      layout_loops_corners, nicolae_overflow_crystal_walls,
          lemuel_round_altar
D:4:      layout_basic, evilmike_ruin_ashenzari, nicolae_overflow_hidden_temple,
          minmay_misc_feat_square
D:5:      layout_loops_cross, first_ration, nicolae_ossuary_entry_catacombs,
          st_stairs_8, dk_vineyard_2, grunt_decor_clamped, kennysheep_boxes,
          uniq_menkaure, uniq_grinder
Ossuary:  ossuary_tomb_3

Skill      XL: |  1  2  3  4  5  6 |
---------------+-------------------+-----
Axes           | 3 4 5 6 |  6.5
Fighting       | 4 5 |  5.6
Shields        | 4 5 |  5.5
Armour         | 4 5 |  5.6

Action                   |  1- 3 |  4- 6 |  7- 9 || total
-------------------------+-------+-------+-------++-------
Melee: War axe           |    70 |    44 |    41 ||   155
       Headbutt          |    10 |     7 |     8 ||    25
  Eat: Chunk             |       |     2 |     1 ||     3
Armor: Scale mail        |    26 |    19 |    11 ||    56
Dodge: Dodged            |    18 |     6 |    13 ||    37
Block: Kite shield       |    40 |    19 |    17 ||    76

Table legend:
 A = Non-vault XP
 B = Vault XP
 C = Vault XP percentage of total XP
 D = Non-vault monster count
 E = Vault monster count
 F = Vault count percentage of total count
                 A         B        C        D         E       F
            +---------+---------+-------+---------+---------+-------
      Total |     525 |     420 |  44.4 |      33 |      11 |  25.0
            +---------+---------+-------+---------+---------+-------
        D:1 |       5 |       0 |   0.0 |       3 |       0 |   0.0
        D:2 |      19 |       0 |   0.0 |       4 |       0 |   0.0
        D:3 |      27 |       0 |   0.0 |      12 |       0 |   0.0
        D:4 |     415 |       0 |   0.0 |      12 |       0 |   0.0
        D:5 |      59 |     390 |  86.9 |       2 |       3 |  60.0
    Ossuary |       0 |      30 | 100.0 |       0 |       8 | 100.0
            +---------+---------+-------+---------+---------+-------
